 Dungeon Crawl Stone Soup version 0.26-a0-774-g1415c89e12 (webtiles) character file.

Game seed: 3065826386829270217

542 Froggeryz the Ruffian (level 7, -1/57 HPs)
             Began as a Naga Transmuter on Nov 9, 2020.
             Slain by Pikel
             ... wielding a +2 whip of freezing
              (3 damage)
             ... on level 4 of the Dungeon.
             The game lasted 00:08:52 (5248 turns).

Froggeryz the Ruffian (Naga Transmuter)             Turns: 5248, Time: 00:08:52

Health: -1/57      AC:  7    Str: 11 (14) XL:     7   Next: 27%
Magic:  9/10       EV:  7    Int: 13 (14) God:
Gold:   168        SH:  3    Dex:  9 (11) Spells: 9/10 levels left

rFire    . . .     SeeInvis +     - Unarmed
rCold    . . .     Faith    .   i - +0 buckler {rN+}
rNeg     + . .     Spirit   .   a - +0 robe
rPois    +         Reflect  .   (no helmet)
rElec    .         Harm     .   (no cloak)
rCorr    .         Rampage  .   (no gloves)
MR       .....                  q - +0 barding
Stlth    +.........             m - amulet of the acrobat
HPRegen  0.19/turn              (no ring)
MPRegen  0.12/turn              (no ring)

@: very slow
A: large, see invisible, deformed body, poison resistance, slowness 2, spit
poison 1, AC +2
a: Spit Poison


You were on level 4 of the Dungeon.
You visited 1 branch of the dungeon, and saw 4 of its levels.

You collected 168 gold pieces.

Inventory:

Missiles
 k - 17 poisoned darts (quivered)
Armour
 a - a +0 robe (worn)
 i - a +0 buckler of positive energy (worn)
 q - a +0 barding (worn)
Jewellery
 g - an uncursed amulet of guardian spirit
 m - an amulet of the acrobat (around neck)
Scrolls
 b - 3 scrolls of fear {unknown}
 c - 5 scrolls of teleportation
 e - a scroll of amnesia
 f - a scroll of enchant weapon {unknown}
 h - 2 scrolls of identify
 j - 2 scrolls of remove curse {unknown}
 n - a scroll of noise {unknown}
 p - a scroll of enchant armour {unknown}
Potions
 l - 2 potions of ambrosia


   Skills:
 - Level 1.0 Fighting
 - Level 1.5 Dodging
 + Level 1.9 Shields
 * Level 6.4 Unarmed Combat
 - Level 2.0 Spellcasting
 + Level 4.4 Transmutations


You had 9 spell levels left.
You knew the following spells:

 Your Spells              Type           Power        Failure   Level
a - Beastly Appendage     Tmut           ##....       4%          1

Your spell library contained the following spells:

 Spells                   Type           Power        Failure   Level
 Wereblood                Tmut           ##......     7%          2
 Spider Form              Tmut/Pois      #.........   34%         3
 Ice Form                 Ice/Tmut       #.......     75%         4
 Blade Hands              Tmut           ##........   78%         5


Dungeon Overview and Level Annotations

Branches:
Dungeon (4/15)
 Temple: D:4-7

Altars:
Trog

Annotations:
D:4 Pikel


Innate Abilities, Weirdness & Mutations

You cannot wear boots.
Your serpentine skin is tough. (AC +2)
You have supernaturally acute eyesight. (SInv)
Armour fits poorly on your strangely shaped body.
Your system is resistant to poisons. (rPois)
You cover ground very slowly.
You can spit poison.


Message History

* * * LOW HITPOINT WARNING * * *
Pikel freezes you.
* * * LOW HITPOINT WARNING * * *
Okay, then.
As you read the scroll labeled VEISIUM TIEJEA, it crumbles to dust.
It is a scroll of amnesia.
Really abort (and waste the scroll)?
Okay, then.
Pikel hits you with a +2 whip of freezing.
* * * LOW HITPOINT WARNING * * *
Pikel freezes you.
* * * LOW HITPOINT WARNING * * *
Unknown command.
As you read the scroll labeled PIOQIO GUOBOGAAS, it crumbles to dust.
It is a scroll of identify.
c - 5 scrolls of teleportation Your horns disappear.
Your +0 barding unmelds from your body.
Pikel hits you with a +2 whip of freezing.
You die...

##.##.#≈#).#
#((#(###))#
##.#.###..#
#.........#
#.......###
#.......#
#.......#
#...K...#
#...@...#
#########


You could see Pikel.

Vanquished Creatures
  Duvessa (D:4)
  4 lemures
  2 big kobolds (D:4)
  Dowan (D:4)
  A centaur skeleton (D:2)
  Ijyb (D:3)
  Jessica (D:3)
  2 worker ants (D:4)
  4 adders
  An adder skeleton (D:4)
  A worm (D:2)
  7 bats
  8 giant cockroaches
  10 goblins
  8 hobgoblins
  3 jackals (D:2)
  3 quokkas (D:2)
  A ball python (D:3)
  8 frilled lizards
  8 kobolds
  9 rats
84 creatures vanquished.

Vanquished Creatures (others)
  6 plants (D:2)
6 creatures vanquished.

Grand Total: 90 creatures vanquished

Notes
Turn   | Place    | Note
-------+----------+-------------------------------------------
     0 | D:1      | Froggeryz the Naga Transmuter began the quest for the Orb.
     0 | D:1      | Reached XP level 1. HP: 18/18 MP: 3/3
   580 | D:1      | Reached XP level 2. HP: 25/25 MP: 3/5
  1543 | D:2      | Reached XP level 3. HP: 31/31 MP: 6/6
  1799 | D:2      | Reached skill level 4 in Unarmed Combat
  2305 | D:2      | Reached XP level 4. HP: 38/38 MP: 7/7
  3338 | D:3      | Noticed Jessica
  3341 | D:3      | Killed Jessica
  3341 | D:3      | Reached skill level 5 in Unarmed Combat
  3341 | D:3      | Reached XP level 5. HP: 44/44 MP: 8/8
  3550 | D:3      | Noticed Ijyb
  3595 | D:3      | Killed Ijyb
  3864 | D:3      | Found a bloodstained altar of Trog.
  3884 | D:4      | Noticed Pikel
  3884 | D:4      | Noticed a lemure
  3884 | D:4      | Noticed a lemure
  3886 | D:4      | Noticed a lemure
  3887 | D:4      | Noticed a lemure
  3903 | D:3      | Killed a lemure
  4242 | D:4      | Noticed Duvessa
  4291 | D:4      | Noticed Dowan
  4423 | D:4      | Reached XP level 6. HP: 51/51 MP: 9/9
  4486 | D:4      | Reached skill level 1 in Shields
  4496 | D:4      | Reached skill level 6 in Unarmed Combat
  4701 | D:4      | Killed Duvessa
  4701 | D:4      | Reached XP level 7. HP: 29/57 MP: 10/10
  4706 | D:4      | Killed Dowan
  5247 | D:4      | HP: 2/57 [Pikel/+2 whip of freezing (2)]
  5248 | D:4      | Slain by Pikel

Illustrated notes

Levels and vault maps discovered:
D:1:      evilmike_arrival_crescent, layout_basic, item_on_display_a
D:2:      layout_basic, serial_bayou_crossing
D:3:      layout_rooms, lightli_temple_of_fire, uniq_jessica, uniq_ijyb
D:4:      cheibrodos_thug_alley, layout_basic, nrook_uturn,
          minmay_goblin_outpost, uniq_duvessa, uniq_pikel

Skill      XL: |  1  2  3  4  5  6 |
---------------+-------------------+-----
Unarmed Combat | 4 5 6 |  6.4
Transmutations | 3 4 |  4.4
Shields        | 1 |  1.9
Fighting       | |  1.0
Dodging        | |  1.5
Spellcasting   | |  2.0

Action                   |  1- 3 |  4- 6 |  7- 9 || total
-------------------------+-------+-------+-------++-------
Melee: Unarmed           |   134 |   179 |    45 ||   358
       Headbutt          |     2 |     8 |     6 ||    16
       Punch             |     1 |     2 |       ||     3
Throw: Dart              |       |     8 |     5 ||    13
 Cast: Beastly Appendage |     3 |     7 |     4 ||    14
 Abil: Spit Poison       |    23 |    22 |     7 ||    52
  Use: Potion            |     1 |     4 |     2 ||     7
       Scroll            |       |       |     2 ||     2
 Stab: Sleeping          |     1 |       |       ||     1
       Invisible         |       |     1 |       ||     1
Armor: Robe              |    21 |    38 |     6 ||    65
       Skin              |       |     2 |       ||     2
Dodge: Dodged            |   109 |   106 |    13 ||   228
Block: Buckler           |       |    14 |     7 ||    21

Table legend: (Time is in decaauts)
 A = Elapsed time spent in this place.
 B = Non-inter-level travel time spent in this place.
 C = Inter-level travel time spent in this place.
 D = Time resting spent in this place.
 E = Time spent auto-exploring this place.
 F = Levels seen in this place.
 G = Mean time per level.
                   A        B        C        D        E       F      G
               +--------+--------+--------+--------+--------+-----+--------+
         Total |   6053 |   5867 |    186 |   1436 |   3548 |   4 | 1513.2 |
       Dungeon |   6053 |   5867 |    186 |   1436 |   3548 |   4 | 1513.2 |
               +--------+--------+--------+--------+--------+-----+--------+

Top non-repeatable levels by time:
     D:2: 2015 daAuts
     D:1: 1748 daAuts
     D:4: 1231 daAuts
     D:3: 1057 daAuts
